 Dungeon Crawl Stone Soup version 0.25.0-46-gbd7b0854d2 (webtiles) character file.

Game seed: 9610830611716844043

156 AvylaarBelgium the Magician (level 5, -2/28 HPs)
             Began as a Deep Elf Air Elementalist on July 12, 2020.
             Slain by Duvessa
             ... wielding a +2 short sword of speed
              (6 damage)
             ... on level 4 of the Dungeon.
             The game lasted 00:04:14 (2644 turns).

AvylaarBelgium the Magician (DEAE)                  Turns: 2644, Time: 00:04:14

Health: -2/28      AC:  5    Str:  5    XL:     5   Next: 14%
Magic:  3/14       EV: 13    Int: 21    God:
Gold:   150        SH:  0    Dex: 15    Spells: 3/13 levels left

rFire    . . .     SeeInvis .   b - +1 dagger (speed)
rCold    . . .     Gourm    .   (no shield)
rNeg     . . .     Faith    .   a - +0 robe
rPois    .         Spirit   .   r - +2 hat
rElec    .         Reflect  .   m - +0 cloak
rCorr    .         Harm     .   (no gloves)
MR       .....                  (no boots)
Stlth    ++........             (no amulet)
HPRegen  0.09/turn              (no ring)
MPRegen  0.14/turn              (no ring)

@: very slightly contaminated
A: no striking features
a: no special abilities


You were on level 4 of the Dungeon.
You were not hungry.

You visited 1 branch of the dungeon, and saw 4 of its levels.

You collected 150 gold pieces.

Inventory:

Hand Weapons
 b - a +1 dagger of speed (weapon)
Armour
 a - a +0 robe (worn)
 m - a +0 cloak (worn)
 r - a +2 hat (worn)
Wands
 u - a wand of disintegration (9)
Scrolls
 f - a scroll of blinking {unknown}
 g - a scroll of enchant armour {unknown}
 h - 3 scrolls of immolation {unknown}
 i - a scroll of fear {unknown}
 k - 2 scrolls of teleportation {unknown}
 o - 2 scrolls of identify {unknown}
 p - a scroll of remove curse {unknown}
 q - a scroll of magic mapping {unknown}
 s - 2 scrolls of fog {unknown}
 v - a scroll of random uselessness {unknown}
Potions
 d - 2 potions of heal wounds {unknown}
 e - 6 potions of curing {unknown}
 j - a potion of flight {unknown}
 l - a potion of berserk rage {unknown}
 n - a potion of lignification {unknown}
Comestibles
 c - 8 rations
 t - 4 chunks of flesh


   Skills:
 - Level 2.4 Dodging
 - Level 2.4 Stealth
 + Level 4.7 Spellcasting
 + Level 3.2 Conjurations
 * Level 4.2 Air Magic


You had 3 spell levels left.
You knew the following spells:

 Your Spells              Type           Power        Failure   Level  Hunger
a - Shock                 Conj/Air       ###.         2%          1    None
b - Swiftness             Chrm/Air       ##......     7%          2    None
c - Static Discharge      Conj/Air       ###.....     7%          3    ##.....
d - Airstrike             Air            ###.......   19%         4    ####...

Your spell library contained the following spells:

 Spells                   Type           Power        Failure   Level  Hunger
 Lightning Bolt           Conj/Air       ###.......   54%         5    #####..


Dungeon Overview and Level Annotations

Branches:
Dungeon (4/15)
 Temple: D:4-7

Altars:
Dithmenos
Fedhas
Makhleb
Okawaru
The Shining One

Annotations:
D:2 1 runed translucent door, Crazy Yiuf, Natasha
D:4 Dowan, Duvessa


Message History

Casting: Static Discharge (quite dangerous; 7% risk of failure)
Confirm with . or Enter, or press ? or * to list all spells.
The spell is quite dangerous to cast (7% risk of failure)!
Continue anyway?
Duvessa is struck by an arc of lightning!
Duvessa is severely wounded.
You are struck by an arc of lightning.
Duvessa is struck by an arc of lightning.
Duvessa is almost dead.
The lightning grounds out.
Duvessa hits you with a +2 short sword of speed.
* * * LOW HITPOINT WARNING * * *
Casting: Static Discharge (quite dangerous; 7% risk of failure)
Confirm with . or Enter, or press ? or * to list all spells.
The spell is quite dangerous to cast (7% risk of failure)!
Continue anyway?
You miscast Static Discharge.
You are very lightly contaminated with residual magic.
You are blasted with air.
* * * LOW HITPOINT WARNING * * *
Duvessa hits you with a +2 short sword of speed.
You die...

##...## #..# ##'## ##.# #.# #.#
h## #.# #######.# .h. ##.##
#.......# #e. ##...## #.#####.##
##..## #.....# #.# #..#
##..e..#####...####.# ##.#
.......#.......e@...# #.#
#.......####.####### #.##
#.....### #.############..#####
#..... ##....................
###### #.#...................
###### ##.#........8.......8.
.....#########.#.................
###.........###.#.....8.........8
#..######.# ##.#...............


You could see Duvessa.

Vanquished Creatures
  Terence (D:2)
  A worker ant (D:4)
  3 adders
  An adder skeleton (D:4)
  A worm (D:3)
  A dart slug (D:3)
  3 leopard geckos
  6 orcs (D:3)
  3 giant cockroaches
  6 goblins
  5 hobgoblins
  6 jackals
  6 kobolds
  3 bats
  5 frilled lizards
  A leopard gecko skeleton (D:4)
  12 rats
64 creatures vanquished.

Notes
Turn   | Place    | Note
-------+----------+-------------------------------------------
     0 | D:1      | AvylaarBelgium the Deep Elf Air Elementalist began the
                  | quest for the Orb.
     0 | D:1      | Reached XP level 1. HP: 10/10 MP: 6/6
    75 | D:1      | Reached XP level 2. HP: 4/15 MP: 1/8
   928 | D:2      | Reached XP level 3. HP: 19/19 MP: 1/10
   953 | D:2      | Found a glowing golden altar of the Shining One.
   969 | D:2      | Learned a level 2 spell: Swiftness
   973 | D:2      | Learned a level 3 spell: Static Discharge
  1075 | D:2      | Found a runed translucent door.
  1075 | D:2      | Noticed Natasha
  1076 | D:2      | Noticed Crazy Yiuf
  1220 | D:2      | Noticed Terence
  1245 | D:2      | Killed Terence
  1245 | D:2      | Reached XP level 4. HP: 21/24 MP: 4/12
  1288 | D:2      | Found a burning altar of Makhleb.
  1288 | D:2      | Found a blossoming altar of Fedhas.
  1514 | D:3      | Found an iron altar of Okawaru.
  2421 | D:4      | Learned a level 4 spell: Airstrike
  2422 | D:4      | Found a shadowy altar of Dithmenos.
  2547 | D:4      | Reached XP level 5. HP: 25/28 MP: 2/14
  2628 | D:4      | Noticed Duvessa
  2629 | D:4      | Noticed Dowan
  2644 | D:4      | Slain by Duvessa

Illustrated notes

Levels and vault maps discovered:
D:1:      minmay_arrival_split_and_join, layout_loops_ring
D:2:      layout_basic, nicolae_overflow_hidden_temple,
          gammafunk_temple_overflow_wave, uniq_terence, uniq_crazy_yiuf_cottage,
          uniq_natasha
D:3:      minmay_recursive_quarters, layout_basic, okawaru_ov_weapons_minmay,
          first_ration
D:4:      wad_pebble_path, layout_loops_corners,
          nicolae_dithmenos_through_a_glass_darkly, uniq_duvessa

Skill      XL: |  1  2  3  4 |
---------------+-------------+-----
Conjurations   | 2 3 |  3.2
Spellcasting   | 4 |  4.7
Air Magic      | 4 |  4.2
Dodging        | |  2.4
Stealth        | |  2.4

Action                   |  1- 3 |  4- 6 || total
-------------------------+-------+-------++-------
Melee: Dagger            |    13 |    13 ||    26
 Cast: Shock             |    47 |    64 ||   111
       Static Discharge  |       |     6 ||     6
 Stab: Sleeping          |     2 |       ||     2
  Eat: Chunk             |     1 |     4 ||     5
Armor: Robe              |     6 |     3 ||     9
Dodge: Dodged            |    20 |    21 ||    41
